 Dungeon Crawl Stone Soup version 0.24-a0-451-g263dff2034 (webtiles) character file.

Game seed: 4987377338452177211

705540 Napalmbreeze the Archmage (level 27, -14/173 HPs)
             Began as a Deep Elf Fire Elementalist on June 24, 2019.
             Was the Champion of Vehumet.
             Killed from afar by a Brimstone Fiend (48 damage)
             ... with damnation
             ... in Pandemonium on June 26, 2019.
             The game lasted 07:30:37 (102098 turns).

Napalmbreeze the Archmage (DEFE)                  Turns: 102098, Time: 07:30:38

Health: -14/173    AC: 22    Str:  5    XL:     27
Magic:  48/56      EV: 25    Int: 40    God:    Vehumet [******]
Gold:   7612       SH: 23    Dex: 17    Spells: 9/80 levels left

rFire    + + .     SeeInvis +   o - +10 falchion of Destruction {vamp, *Contam rF+ MR+ SInv}
rCold    + . .     Gourm    .   M - +5 shield {AC+3}
rNeg     . . .     Faith    .   L - +4 troll leather armour "Suciwugu" {Regen+ Int+6}
rPois    .         Spirit   .   s - +2 helmet
rElec    .         Reflect  +   H - +0 cloak {MR+}
rCorr    .         Harm     .   F - +2 pair of gloves
MR       +++++                  x - +0 pair of boots
Stlth    ++........             m - +5 amulet of reflection
HPRegen  0.78/turn              y - ring of wizardry
MPRegen  0.35/turn              r - ring of Compassion {rC+ AC+3 Dex+2}

@: no status effects
A: fire resistance 1, magic resistance 1, wild magic 1
}: 5/15 runes: barnacled, slimy, silver, abyssal, gossamer
a: Renounce Religion


You were in Pandemonium.
You worshipped Vehumet.
Vehumet was exalted by your worship.
You were not hungry.

You visited 11 branches of the dungeon, and saw 53 of its levels.
You visited Pandemonium 1 time, and saw 2 of its levels.
You visited the Abyss 4 times.
You also visited: Sewer, Bailey, Ice Cave and Wizlab.

You collected 9043 gold pieces.
You spent 1431 gold pieces at shops.

Inventory:

Hand Weapons
 i - the +10 scimitar "Adghed" {flame, +Fly rElec}
   (You found it on level 4 of the Shoals)

   It has been specially enchanted to burn those struck by it, causing extra
   injury to most foes and up to half again as much damage against particularly
   susceptible opponents.
   Big, fiery blades are also staple armaments of hydra-hunters.
   It insulates you from electricity.
   It lets you fly.
 o - the +10 falchion of Destruction (weapon) {vamp, *Contam rF+ MR+ SInv}
   (You bought it in a shop on level 4 of the Dungeon)

   It inflicts no extra harm, but heals its wielder when it wounds a living foe.
   It protects you from fire.
   It affects your resistance to hostile enchantments.
   It lets you see invisible.
   It causes magical contamination when unequipped.
Armour
 s - a +2 helmet (worn)
 x - a +0 pair of boots (worn)
 A - the +1 robe "Giar" {rC++ MR+++ Str-2 Dex-2}
   (You found it in Pandemonium)

   It affects your strength (-2).
   It affects your dexterity (-2).
   It greatly protects you from cold.
   It affects your resistance to hostile enchantments.
 F - a +2 pair of gloves (worn)
 H - a +0 cloak of magic resistance (worn)
 L - the +4 troll leather armour "Suciwugu" (worn) {Regen+ Int+6}
   (You found it on level 3 of the Elven Halls)

   It affects your intelligence (+6).
   It increases your rate of regeneration.
 M - a +5 shield of protection (worn)
Jewellery
 d - an uncursed ring of protection from cold
 m - a +5 amulet of reflection (around neck)
 r - the ring of Compassion (right hand) {rC+ AC+3 Dex+2}
   (You found it on level 3 of the Elven Halls)

   [ring of protection]

   It affects your AC (+3).
   It affects your dexterity (+2).
   It protects you from cold.
 y - a ring of wizardry (left hand)
 T - the ring of Wudyitew {Fire rPois rN+ Int-5 Stlth+}
   (You found it on level 6 of the Lair of Beasts)

   [ring of fire]

   It enhances your fire magic.
   It affects your intelligence (-5).
   It protects you from fire.
   It makes you vulnerable to cold.
   It protects you from poison.
   It protects you from negative energy.
   It makes you more stealthy.
 U - an uncursed ring of resist corrosion
 X - the ring of Xom's Wantonness {*Slow rElec rF+ Int+3}
   (You found it on level 5 of the Pits of Slime)

   [ring of intelligence]

   It affects your intelligence (+3).
   It protects you from fire.
   It insulates you from electricity.
   It may slow you when you take damage.
Wands
 h - a wand of acid (7)
 v - a wand of disintegration (73)
 w - a wand of paralysis (13)
 G - a wand of clouds (7)
 I - a wand of digging (3)
 K - a wand of iceblast (56)
Scrolls
 b - 22 scrolls of remove curse
 g - 10 scrolls of identify
 j - 7 scrolls of fear
 l - 30 scrolls of teleportation
 n - 14 scrolls of magic mapping
 p - 3 scrolls of blinking
 C - 3 scrolls of silence
 Q - 2 scrolls of summoning
 R - 7 scrolls of fog
 W - a scroll of holy word
Potions
 a - 4 potions of agility
 e - 14 potions of curing
 f - 9 potions of might
 k - 7 potions of haste
 q - 10 potions of flight
 t - a potion of invisibility
 u - 4 potions of mutation
 z - 11 potions of heal wounds
 B - 7 potions of brilliance
 E - 3 potions of magic
 J - 3 potions of resistance
 Z - 3 potions of cancellation
Miscellaneous
 D - a lamp of fire
 O - a lightning rod (4/4)
 S - 2 phantom mirrors
Comestibles
 c - 46 rations
 N - a chunk of flesh


   Skills:
 - Level 18.0 Fighting
   Level 3.2(4.6) Short Blades
 - Level 4.5(5.0) Long Blades
 - Level 20.0 Dodging
 - Level 2.4 Stealth
 - Level 15.0 Shields
 O Level 27 Spellcasting
 - Level 20.0 Conjurations
 - Level 8.0 Summonings
 - Level 10.0 Necromancy
 + Level 14.9 Translocations
 - Level 14.0 Fire Magic
 + Level 21.0 Ice Magic
 - Level 8.0 Earth Magic
 - Level 5.1 Evocations


You had 9 spell levels left.
You knew the following spells:

 Your Spells              Type           Power        Failure   Level  Hunger
a - Iron Shot             Conj/Erth      ########..   1%          6    None
b - Controlled Blink      Tloc           N/A          4%          8    None
c - Glaciate              Conj/Ice       ########..   2%          9    None
e - Fireball              Conj/Fire      ########..   1%          5    None
f - Sticky Flame          Conj/Fire      ########     1%          4    None
q - Spellforged Servitor  Conj/Summ      ########..   1%          7    None
r - Orb of Destruction    Conj           ########..   1%          7    None
s - Bolt of Fire          Conj/Fire      ########..   1%          6    None
v - Ignition              Fire           ########..   1%          8    None
w - Freezing Cloud        Conj/Ice/Air   ########..   1%          6    None
x - Borgnjor's Vile Clut  Necr/Erth      ########..   1%          5    None

Your spell library contained the following spells:

 Spells                   Type           Power        Failure   Level  Hunger
 Lehudib's Crystal Spear  Conj/Erth      ########..   1%          8    None
 Tornado                  Air            ######....   100%        9    None
 Animate Skeleton         Necr           N/A          1%          1    None
 Apportation              Tloc           ######       1%          1    None
 Beastly Appendage        Tmut           ######       1%          1    None
 Confusing Touch          Hex            ######       1%          1    None
 Corona                   Hex            ######.      1%          1    None
 Flame Tongue             Conj/Fire      #####        1%          1    None
 Freeze                   Ice            ####         1%          1    None
 Infusion                 Chrm           ####         1%          1    None
 Magic Dart               Conj           ####         1%          1    None
 Sandblast                Erth           ######       1%          1    None
 Shock                    Conj/Air       ####         1%          1    None
 Sting                    Conj/Pois      ####         1%          1    None
 Summon Butterflies       Summ           ########     1%          1    None
 Summon Small Mammal      Summ           ####         1%          1    None
 Blink                    Tloc           N/A          1%          2    None
 Call Imp                 Summ           ########     1%          2    None
 Corpse Rot               Necr           N/A          1%          2    None
 Ensorcelled Hibernation  Hex/Ice        ######       1%          2    None
 Passwall                 Tmut/Erth      #######.     1%          2    None
 Poisonous Vapours        Pois/Air       ######       1%          2    None
 Searing Ray              Conj           ######       1%          2    None
 Shroud of Golubria       Chrm/Tloc      ######       1%          2    None
 Slow                     Hex            ######..     1%          2    None
 Song of Slaying          Chrm           ######..     1%          2    None
 Sticks to Snakes         Tmut           ######..     1%          2    None
 Swiftness                Chrm/Air       ######..     1%          2    None
 Throw Flame              Conj/Fire      ######       1%          2    None
 Throw Frost              Conj/Ice       ######       1%          2    None
 Call Canine Familiar     Summ           ########     1%          3    None
 Confuse                  Hex            ######..     1%          3    None
 Conjure Flame            Conj/Fire      ########     1%          3    None
 Dazzling Spray           Conj/Hex       ######       1%          3    None
 Gell's Gravitas          Tloc           ########..   1%          3    None
 Ignite Poison            Fire/Tmut/Pois #######.     1%          3    None
 Inner Flame              Hex/Fire       #######.     1%          3    None
 Mephitic Cloud           Conj/Pois/Air  #######.     1%          3    None
 Ozocubu's Armour         Chrm/Ice       ########     1%          3    None
 Portal Projectile        Hex/Tloc       ######       1%          3    None
 Regeneration             Chrm/Necr      #######...   1%          3    None
 Spectral Weapon          Hex/Chrm       ######..     1%          3    None
 Spider Form              Tmut/Pois      ######....   1%          3    None
 Static Discharge         Conj/Air       ########     1%          3    None
 Stone Arrow              Conj/Erth      ######       1%          3    None
 Summon Guardian Golem    Hex/Summ       #######.     1%          3    None
 Teleport Other           Tloc           ########     1%          3    None
 Tukima's Dance           Hex            ######..     1%          3    None
 Force Lance              Conj/Tloc      ########     1%          4    None
 Fulminant Prism          Conj/Hex       ########..   1%          4    None
 Ice Form                 Ice/Tmut       ########     1%          4    None
 Iskenderun's Mystic Bla  Conj           ########     1%          4    None
 Leda's Liquefaction      Hex/Erth       #######...   1%          4    None
 Olgreb's Toxic Radiance  Pois           ######..     1%          4    None
 Passage of Golubria      Tloc           N/A          1%          4    None
 Petrify                  Tmut/Erth      #######.     1%          4    None
 Summon Ice Beast         Ice/Summ       ########     1%          4    None
 Summon Lightning Spire   Summ/Air       #######.     1%          4    None
 Throw Icicle             Conj/Ice       ########     1%          4    None
 Bolt of Draining         Conj/Necr      ########..   1%          5    None
 Bolt of Magma            Conj/Fire/Erth ########..   1%          5    None
 Irradiate                Conj/Tmut      ########..   1%          5    None
 Iskenderun's Battlesphe  Conj/Chrm      ########     1%          5    None
 Lee's Rapid Deconstruct  Erth           ########..   1%          5    None
 Lightning Bolt           Conj/Air       ########..   1%          5    None
 Metabolic Englaciation   Hex/Ice        ########..   1%          5    None
 Summon Forest            Summ/Tloc      ########..   1%          5    None
 Summon Mana Viper        Hex/Summ       #######.     1%          5    None
 Venom Bolt               Conj/Pois      ########..   1%          5    None
 Conjure Ball Lightning   Conj/Air       ########..   1%          6    None
 Dispersal                Tloc           ########..   1%          6    None
 Yara's Violent Unravell  Hex/Tmut       ######....   2%          5    None
 Shadow Creatures         Summ           N/A          2%          6    None
 Malign Gateway           Summ/Tloc      ########..   2%          7    None
 Cause Fear               Hex            ######....   3%          4    None
 Disjunction              Tloc           ########..   4%          8    None
 Blade Hands              Tmut           ######....   9%          5    None
 Silence                  Hex/Air        ######....   9%          5    None
 Statue Form              Tmut/Erth      #######..    9%          6    None
 Monstrous Menagerie      Summ           ########..   9%          7    None
 Summon Greater Demon     Summ           ########..   9%          7    None
 Summon Hydra             Summ           ########..   9%          7    None
 Ring of Flames           Chrm/Fire      #######...   13%         7    None
 Darkness                 Hex            ######....   36%         6    None
 Deflect Missiles         Chrm/Air       ######....   36%         6    None
 Hydra Form               Tmut           ######....   36%         6    None
 Invisibility             Hex            ######..     36%         6    None
 Summon Horrible Things   Summ           ########..   50%         8    None
 Shatter                  Erth           ########..   85%         9    None
 Dragon Form              Tmut           ######....   87%         7    None
 Discord                  Hex            ######....   100%        8    None
 Dragon's Call            Summ           ########..   100%        9    None


Dungeon Overview and Level Annotations

Branches:
Dungeon (15/15)            Temple (1/1) D:4            Lair (6/6) D:9
 Shoals (4/4) Lair:2       Spider (4/4) Lair:3        Slime (5/5) Lair:5
    Orc (2/2) D:10            Elf (3/3) Orc:2        Vaults (5/5) D:14
  Crypt (3/3) Vaults:3       Tomb (0/3) Crypt:3      Depths (5/5) D:15
    Zot (0/5) Depths:5

Altars:
Ashenzari
Cheibriados
Dithmenos
Elyvilon
Fedhas
Gozag
Hepliaklqana
Kikubaaqudgha
Makhleb
Nemelex Xobeh
Okawaru
Qazlal
Ru
Sif Muna
Trog
Uskayaw
Vehumet
Wu Jian
Xom
Yredelemnul
Zin
The Shining One
Beogh
Jiyva

Shops:
D:4 *   Orc:2 [((?   Elf:3 (   Shoals:3 %   Vaults:4 *   Depths:1 %
Depths:3 ([[:   Depths:5 [}%[

Portals:
Hell: Depths:1 Depths:2 Depths:3 Depths:4 Depths:5
Abyss: Depths:1 Depths:4
Pandemonium: Depths:3
Ziggurat: Depths:4

Annotations:
D:3 Strong dude come back at lvl 7, Veritas193's ghost, amateur MiFi
D:13 exclusions: tormentor and 4 more exclusions
Vaults:1 8 runed translucent doors, Vuacseac's ghost, adept DDFi
Vaults:4 8 runed translucent doors, Zaor's ghost, adept GnSk


Innate Abilities, Weirdness & Mutations

Your flesh is heat resistant. (rF+)
You are resistant to hostile enchantments. (MR+)
Your spells are a little harder to cast, but a little more powerful.


Message History

The smoke demon resists.
Press: ? - help, v - describe, . - travel The floor.
Unknown command.
You feel much better.
The smoke demon gestures at your spellforged servitor.
The ball of steam hits your spellforged servitor.
Your spellforged servitor resists.
Unknown command.
The smoke demon gestures at you. Something smites you!
* * * LOW HITPOINT WARNING * * *
Your spellforged servitor gestures at the smoke demon while chanting.
The bolt of fire hits the Brimstone Fiend.
The Brimstone Fiend completely resists.
The bolt of fire hits the smoke demon!
The smoke demon resists.
Your spellforged servitor hums quietly as it recharges.
The Brimstone Fiend gestures at you.
The sphere of damnation explodes!
The damnation engulfs you!!!
You die...

#....#########........1.....
###......)).........3...3.....
#......#######................
#......# #.....31§§.......
##.....# #..).............
#.....# #.....§.§........
#.....# #..§8............
#.....#######..§.###..######.
#...........@..§§# #..#
#%...%....######## #..#
#.........# #..# #.........#
#### #.........# #.........#
###########


You could see a Brimstone Fiend, 2 smoke demons and a friendly spellforged
servitor.

Vanquished Creatures
  the Royal Jelly (Slime:5)
  An ancient lich (Crypt:3)
  Mara (Spider:3)
  Boris (twice) (Crypt:1 Crypt:2)
  A pandemonium lord (Pan)
  8 caustic shrikes (Depths:2)
  Saint Roka (Orc:2)
  8 golden dragons
  Nikola (Vaults:3)
  7 bone dragons
  3 Brimstone Fiends (Pan)
  5 tentacled monstrosities
  13 liches
  2 deep elf blademasters
  2 deep elf master archers (Elf:3)
  5 titans
  2 ancient champions (Crypt:1)
  4 sphinxes
  A kraken (Shoals:3)
  3 quicksilver dragons
  23 acid blobs
  Frances (D:14)
  16 tentacled starspawn
  The ghost of iamserjio the Warrior, an adept OpWn of Trog (Elf:3)
  17 azure jellies
  8 shadow dragons
  9 tengu reavers
  2 storm dragons (Vaults:5)
  3 revenants
  6 fire giants
  A draconian monk (Depths:5)
  A draconian knight (Abyss:3)
  An iron dragon (Vaults:5)
  3 balrugs
  5 deep elf sorcerers (Elf:3)
  9 frost giants
  2 emperor scorpions (Spider:3)
  2 black suns (Pan)
  18 vault wardens
  8 ghouls
  11 ghost moths
  An orc warlord (Vaults:5)
  A warmonger (Pan)
  An angel (Pan)
  2 spriggan defenders (Depths:3)
  A draconian stormcaller (Depths:5)
  A reaper (Abyss:3)
  3 deep elf elementalists (Elf:3)
  2 curse skulls (Crypt:2)
  20 very ugly things
  6 war gargoyles
  An entropy weaver (Spider:2)
  11 ironheart preservers
  A blood saint (Pan)
  A draconian annihilator (Abyss:3)
  22 stone giants
  20 starcursed masses
  A juggernaut skeleton (Crypt:2)
  3 green draconians
  9 vampire knights
  9 deep elf demonologists
  A purple draconian (Depths:5)
  3 yellow draconians
  A white draconian (Depths:5)
  A corrupter (Pan)
  A dire elephant (Lair:6)
  5 lorocyprocas
  A red draconian (Depths:5)
  The ghost of Quz the Severer, a journeyman MiBe of Trog (Elf:1)
  11 deep elf annihilators
  9 spark wasps
  A merfolk javelineer (Shoals:4)
  Snorg (Lair:4)
  4 blizzard demons
  7 jiangshi
  3 crystal guardians
  7 deep elf death magi
  3 eidola
  10 ettins
  4 deep elf high priests
  4 merfolk impalers
  6 fire dragons
  Erolcha (D:10)
  6 death oozes
  11 yaktaur captains
  14 great orbs of eyes
  3 merfolk avatars
  2 quicksilver dragon skeletons (Crypt:1)
  11 ice dragons
  6 rakshasas
  34 vault guards
  A spriggan air mage (Depths:3)
  4 hydras
  9 centaur warriors
  15 ogre magi
  7 tengu warriors
  6 merfolk aquamancers
  34 two-headed ogres
  3 satyrs
  Erica (D:10)
  A satyr (shapeshifter) (Vaults:5)
  4 hell hogs
  7 death knights
  10 deep troll shamans
  8 deep troll earth magi
  6 vampire magi
  28 dancing weapons
  8 spriggan berserkers
  19 thrashing horrors
  A storm dragon zombie (Crypt:1)
  11 sun demons
  19 deep elf knights
  10 soul eaters
  17 hell knights
  29 large abominations
  4 shadow wraiths
  2 iron trolls (Depths:1)
  A titan skeleton (Crypt:1)
  An anaconda zombie (Crypt:1)
  4 wretched stars
  11 sea snakes
  An infernal demonspawn (Pan)
  6 sixfirhies
  A torturous demonspawn (Pan)
  2 gelid demonspawn (Pan)
  6 unseen horrors
  31 skeletal warriors
  9 wizards
  2 shadow demons
  6 glowing orange brains
  10 flayed ghosts
  9 ironbrand convokers
  24 deep trolls
  19 harpies
  20 deep elf archers
  A death drake (Abyss:1)
  48 deep elf magi
  6 phantasmal warriors
  A mana viper (Abyss:2)
  A sphinx zombie (Crypt:1)
  10 orc sorcerers
  An anaconda skeleton (Crypt:1)
  2 draconians (Abyss:3)
  14 necromancers
  16 orc knights
  A wolf spider zombie (Abyss:3)
  2 iron dragon zombies
  21 orb spiders
  25 wolf spiders
  2 orb spiders (shapeshifter)
  12 manticores
  7 fauns
  A shining eye (shapeshifter) (Vaults:5)
  6 shining eyes
  39 ugly things
  An iron dragon skeleton (Crypt:2)
  A moth of wrath (shapeshifter) (Vaults:5)
  2 moths of wrath
  4 worldbinders
  2 fire giant zombies
  6 cyclopes
  A salamander (shapeshifter) (Abyss:1)
  A stone giant skeleton (Abyss:3)
  An elephant (shapeshifter) (Vaults:5)
  8 elephants
  A black mamba (Lair:1)
  Maurice (D:9)
  4 centaur zombies
  3 guardian serpents
  2 rust devils
  A molten gargoyle (Depths:1)
  A black mamba (shapeshifter) (Vaults:5)
  A guardian serpent (shapeshifter) (D:14)
  A naga mage (Abyss:4)
  2 frost giant skeletons
  5 orange demons
  A torpor snail (Spider:1)
  5 apocalypse crabs
  An ice statue (IceCv)
  9 merfolk sirens
  2 water nymphs (shapeshifter)
  20 vault sentinels
  2 eyes of devastation
  28 smoke demons
  8 spiny frogs
  3 centaur skeletons
  Joseph (D:10)
  A titan simulacrum (Abyss:3)
  60 yaktaurs
  A spiny frog (shapeshifter) (Vaults:3)
  A storm dragon simulacrum (Abyss:4)
  3 water nymphs
  A gargoyle (D:14)
  A fire giant skeleton (Crypt:3)
  18 freezing wraiths
  A komodo dragon (shapeshifter) (Vaults:3)
  A purple draconian zombie (Abyss:3)
  An iron troll zombie (Crypt:2)
  5 hellions (Pan)
  6 komodo dragons
  11 demonic crawlers
  3 rime drakes (Lair:6)
  2 efreet
  A tormentor (Abyss:3)
  2 yaktaurs (shapeshifter)
  5 hellwings
  2 ice devils (Lair:2)
  10 trolls
  2 harpy zombies
  12 merfolk
  11 ancient zymes
  31 jumping spiders
  A shadow dragon simulacrum (Depths:1)
  5 red devils (Pan)
  A hornet (shapeshifter) (Vaults:5)
  A jumping spider (shapeshifter) (Vaults:2)
  A hydra zombie (Abyss:1)
  6 polar bears
  Grinder (D:3)
  Prince Ribbit (Lair:1)
  A harpy skeleton (Abyss:3)
  18 raiju
  4 wind drakes
  19 hornets
  6 blink frogs (Lair:1)
  A wolf spider simulacrum (Abyss:3)
  86 slime creatures
  A tengu simulacrum (Vaults:1)
  An ice dragon zombie (Crypt:1)
  3 ettin zombies
  A raiju (shapeshifter) (Vaults:2)
  A dream sheep (shapeshifter) (Vaults:5)
  10 dream sheep
  9 hippogriffs
  2 fire dragon zombies
  7 snapping turtles
  A bog body (Crypt:2)
  Sigmund (D:4)
  2 air elementals (Elf:1)
  A fire giant simulacrum (Abyss:3)
  A meliai zombie (Crypt:1)
  A spriggan (shapeshifter) (Vaults:1)
  2 ettin skeletons
  44 flying skulls
  A spriggan (Depths:3)
  20 ynoxinuls
  22 small abominations
  6 shadows
  6 wyverns
  28 yaks
  51 redbacks
  34 tarantellas
  22 water elementals
  4 vampires (WizLab)
  8 neqoxecs
  11 wraiths
  2 ice dragon skeletons (Crypt:3)
  3 fire bats (Abyss:2)
  3 fire elementals
  11 golden eyes
  2 basilisks
  9 chaos spawn
  A hungry ghost (D:15)
  Eustachio (D:5)
  A yak (shapeshifter) (Depths:2)
  Grum (Lair:1)
  A death yak simulacrum (IceCv)
  A spatial vortex (Abyss:1)
  Menkaure (D:4)
  Edmund (D:4)
  3 soldier ants
  6 wargs
  An acid dragon (D:12)
  A swamp worm (shapeshifter) (Depths:5)
  A two-headed ogre zombie (WizLab)
  26 water moccasins
  A floating eye (Depths:2)
  8 ice beasts
  4 porcupines
  4 black bears
  2 hornet zombies
  6 sky beasts
  8 eyes of draining
  57 orc warriors
  3 phantoms
  A sky beast (shapeshifter) (Vaults:5)
  A snapping turtle zombie (Crypt:1)
  2 alligator simulacra (IceCv)
  16 centaurs
  4 necrophages
  25 ogres
  10 wolves
  4 boggarts (Depths:4)
  A snapping turtle skeleton (Crypt:3)
  10 crocodiles
  4 big kobolds
  2 gnoll sergeants
  Blork the orc (D:4)
  A glowing shapeshifter simulacrum (Vaults:2)
  19 bullfrogs
  5 earth elementals
  2 wyvern skeletons
  3 scorpions
  A spriggan zombie (Crypt:3)
  7 troll zombies (WizLab)
  A water moccasin skeleton (D:8)
  6 killer bees (D:8)
  A raiju skeleton (Crypt:1)
  A manticore simulacrum (Crypt:2)
  15 wights
  7 electric eels
  4 howler monkeys
  A spriggan skeleton (Crypt:2)
  8 crimson imps
  3 draconian simulacra (IceCv)
  6 quasits
  6 jellies
  8 hounds
  3 bullfrog skeletons
  23 orc priests
  Crazy Yiuf (D:6)
  A demonspawn zombie (Crypt:2)
  32 orc wizards
  7 iguanas
  Ijyb (D:3)
  Natasha (twice) (D:4)
  6 lightning spires (Abyss:3)
  13 worker ants
  6 troll simulacra (IceCv)
  A spriggan simulacrum (IceCv)
  A wolf simulacrum (IceCv)
  3 ogre zombies (WizLab)
  7 centaur simulacra (IceCv)
  A tengu skeleton (Abyss:3)
  A demigod skeleton (Crypt:1)
  2 hound skeletons
  A howler monkey skeleton (D:4)
  2 howler monkey zombies
  2 worker ant zombies
  Robin (D:3)
  10 gnolls
  35 adders
  3 naga simulacra (IceCv)
  3 shadow imps
  15 white imps
  2 ufetubi
  5 oozes (D:9)
  2 adder zombies
  2 worms (D:2)
  2 dart slugs
  5 leopard geckos
  157 orcs
  9 ball pythons
  2 bat skeletons
  4 giant cockroaches (D:6)
  24 goblins
  10 hobgoblins
  14 jackals
  36 kobolds
  4 quokkas
  4 bats
  6 frilled lizards
  A leopard gecko zombie (D:7)
  2 quokka skeletons
  A quokka zombie (D:7)
  7 rats
  13 blocks of ice
  A fungus (D:6)
  A lurking horror (Abyss:1)
  11 plants
  10 starspawn tentacles
2796 creatures vanquished.

Vanquished Creatures (collateral kills)
  An ancient lich (WizLab)
  Bai Suzhen (Vaults:4)
  Xtahua (Vaults:3)
  Frederick (Vaults:3)
  2 caustic shrikes (Depths:2)
  Arachne (Spider:3)
  2 bone dragons
  2 Brimstone Fiends (Pan)
  2 liches
  A titan (Depths:2)
  A deep elf blademaster (Elf:3)
  A tengu reaver (Vaults:3)
  An ancient champion (WizLab)
  A storm dragon (Vaults:5)
  A shadow dragon (Depths:3)
  A draconian monk (Abyss:3)
  An azure jelly (Slime:4)
  Roxanne (Shoals:1)
  A frost giant (Vaults:3)
  A ghost moth (Spider:4)
  2 emperor scorpions (Spider:4)
  Louise (Elf:1)
  The ghost of kroki the Blocker, a journeyman GnFi of Okawaru (D:14)
  3 vault wardens
  3 ironheart preservers
  A cacodemon (Abyss:3)
  A spriggan defender (Depths:3)
  2 very ugly things
  A war gargoyle (Vaults:5)
  A starcursed mass (Abyss:2)
  3 stone giants
  2 entropy weavers
  2 black suns (Pan)
  A deep elf annihilator (Elf:3)
  A minotaur (D:14)
  A merfolk javelineer (Shoals:3)
  2 eidola
  A merfolk impaler (Shoals:2)
  A yaktaur captain (Vaults:3)
  A crystal guardian (Crypt:3)
  A jiangshi (Depths:4)
  A great orb of eyes (Abyss:1)
  An ice dragon (Vaults:3)
  A spriggan air mage (Depths:3)
  2 vault guards
  2 hydras (Lair:6)
  A merfolk avatar (Lair:6)
  A centaur warrior (Vaults:2)
  2 alligator snapping turtles (Shoals:4)
  3 death knights
  5 two-headed ogres
  A deep troll earth mage (Depths:2)
  A satyr (Shoals:3)
  2 tengu warriors
  A dancing weapon (Elf:1)
  A titan zombie (Crypt:3)
  8 deep elf knights
  A wretched star (Abyss:3)
  3 hell knights (Crypt:3)
  9 skeletal warriors
  A storm dragon skeleton (Crypt:1)
  A deep elf archer (Elf:1)
  An ironbrand convoker (Vaults:1)
  A gelid demonspawn (Pan)
  5 harpies
  4 orc knights
  5 wolf spiders
  2 deep elf magi
  5 fauns
  4 cyclopes
  An ugly thing (Vaults:1)
  2 stone giant skeletons
  3 vault sentinels
  4 manticores
  12 elephants
  2 smoke demons
  A spiny frog (Lair:6)
  A torpor snail (Spider:4)
  A gargoyle (D:14)
  An orange demon (Abyss:3)
  6 yaktaurs
  An efreet (D:14)
  A freezing wraith (D:14)
  3 komodo dragons
  A troll (Orc:2)
  4 demonic crawlers
  3 merfolk
  4 jumping spiders (Spider:4)
  A hornet (Spider:4)
  An ice dragon zombie (Crypt:1)
  10 slime creatures
  A hippogriff (Lair:6)
  A snapping turtle (Shoals:4)
  2 large abominations
  A raiju (Abyss:2)
  An ettin zombie (Crypt:1)
  2 dream sheep (Shoals:4)
  An air elemental (Elf:1)
  2 wyverns
  7 yaks
  A spriggan (shapeshifter) (Abyss:3)
  6 tarantellas
  A water elemental (Shoals:4)
  A wraith (D:13)
  8 redbacks
  A fire bat (shapeshifter) (Vaults:2)
  2 basilisks
  A fire elemental (Elf:1)
  A small abomination (Abyss:2)
  A two-headed ogre zombie (WizLab)
  3 wargs
  A water moccasin (Lair:3)
  6 orc warriors
  6 ogres
  2 centaurs (Bailey)
  A crocodile (Lair:6)
  A bullfrog (Lair:3)
  An earth elemental (Elf:1)
  A troll zombie (WizLab)
  A wight (WizLab)
  A troll skeleton (Crypt:3)
  A quasit (Abyss:3)
  4 orc priests
  5 orc wizards
  A worker ant (D:14)
  An ogre zombie (WizLab)
  An ufetubus (Abyss:3)
  40 orcs
  An orc zombie (Crypt:3)
  A lurking horror (Abyss:2)
  7 plants
321 creatures vanquished.

Vanquished Creatures (others)
  3 stone giants
  A yaktaur captain (Depths:4)
  A satyr (Shoals:4)
  A dancing weapon (Elf:2)
  A storm dragon zombie (Crypt:1)
  A shadow demon (Pan)
  A deep elf archer (Vaults:3)
  A faun (Shoals:3)
  A wolf spider (Spider:2)
  An ugly thing (Depths:2)
  7 yaktaurs
  2 flying skulls
  An orc warrior (Bailey)
  2 centaurs (Vaults:1)
  An orc wizard (Orc:2)
  An iguana (D:14)
  A worker ant (D:14)
  157 blocks of ice
  A bush (Abyss:3)
  35 fungi
  2 lurking horrors
  81 plants
  31 starspawn tentacles
  4 tentacles (Shoals:3)
338 creatures vanquished.

Grand Total: 3455 creatures vanquished

Notes
Turn   | Place    | Note
-------+----------+-------------------------------------------
     0 | D:1      | Napalmbreeze the Deep Elf Fire Elementalist began the quest
                  | for the Orb.
     0 | D:1      | Reached XP level 1. HP: 10/10 MP: 6/6
   348 | D:1      | Reached XP level 2. HP: 15/15 MP: 6/8
   443 | D:1      | Learned a level 2 spell: Throw Flame
   906 | D:2      | Found a shimmering altar of Xom.
  1163 | D:2      | Reached XP level 3. HP: 5/19 MP: 0/10
  1191 | D:2      | Learned a level 3 spell: Conjure Flame
  1562 | D:2      | Found a hide-covered altar of Uskayaw.
  1565 | D:2      | Noticed a +0 hand axe
  1565 | D:2      | Noticed a +0 dagger
  2138 | D:2      | Reached skill level 4 in Spellcasting
  2138 | D:2      | Reached XP level 4. HP: 24/24 MP: 0/12
  2163 | D:2      | Learned a level 4 spell: Sticky Flame
  2488 | D:3      | Noticed Robin
  2496 | D:3      | Killed Robin
  2646 | D:3      | Found a runed translucent gate.
  2647 | D:3      | Found a runed translucent gate.
  2647 | D:3      | Found a runed translucent gate.
  2647 | D:3      | Noticed Veritas193's ghost (amateur MiFi)
  2650 | D:3      | Found a roughly hewn altar of Beogh.
  2805 | D:3      | Reached XP level 5. HP: 28/28 MP: 8/13
  2835 | D:3      | You fall into a shaft and drop 1 floor!
  2836 | D:4      | Noticed Blork the orc
  2888 | D:3      | Identified the +9 short sword of Kismet {protect, rN+ MR++}
  3084 | D:3      | Found a shadowy altar of Dithmenos.
  3381 | D:3      | Noticed Ijyb
  3414 | D:3      | Killed Ijyb
  3684 | D:3      | Noticed Grinder
  3690 | D:3      | Paralysed by Grinder for 7 turns
  3844 | D:3      | Reached skill level 5 in Spellcasting
  4170 | D:3      | Found a basalt altar of Yredelemnul.
  4263 | D:3      | Found a runed translucent gate.
  4263 | D:3      | Found a runed translucent gate.
  4263 | D:3      | Found a runed translucent gate.
  4264 | D:3      | Found a roughly hewn altar of Beogh.
  4437 | D:3      | Killed Grinder
  4437 | D:3      | Reached skill level 6 in Spellcasting
  4437 | D:3      | Reached skill level 5 in Fire Magic
  4437 | D:3      | Reached XP level 6. HP: 32/32 MP: 15/17
  4532 | D:3      | Found a shadowy altar of Dithmenos.
  5128 | D:4      | Noticed Natasha
  5133 | D:4      | Killed Natasha
  5241 | D:4      | Noticed Natasha
  5247 | D:4      | Killed Blork the orc
  5247 | D:4      | Reached skill level 1 in Fighting
  5247 | D:4      | Reached XP level 7. HP: 38/38 MP: 6/18
  5253 | D:4      | Killed Natasha
  5428 | D:4      | Found Vegos's General Store.
  5519 | D:4      | Noticed Menkaure
  5525 | D:4      | Killed Menkaure
  5613 | D:4      | Found a staircase to the Ecumenical Temple.
  5713 | Temple   | Entered the Ecumenical Temple
  6013 | D:4      | Reached skill level 5 in Dodging
  6033 | D:4      | Noticed Edmund
  6050 | D:4      | Killed Edmund
  6125 | D:4      | Noticed Sigmund
  6136 | D:4      | Killed Sigmund
  6136 | D:4      | Reached XP level 8. HP: 48/48 MP: 11/19
  6214 | D:4      | Found a bloodstained altar of Trog.
  6409 | D:5      | Entered Level 5 of the Dungeon
  6838 | D:5      | Reached skill level 7 in Spellcasting
  6946 | D:5      | Learned a level 5 spell: Fireball
  7005 | D:5      | Reached skill level 5 in Conjurations
  7111 | D:5      | Noticed Eustachio
  7117 | D:5      | Killed Eustachio
  7211 | D:5      | Noticed a hippogriff
  7225 | D:5      | Killed a hippogriff
  7372 | D:5      | Reached XP level 9. HP: 52/52 MP: 13/22
  7685 | D:6      | Reached skill level 8 in Spellcasting
  7904 | D:6      | Found a glowing drain.
  7925 | Sewer    | Entered a sewer
  8715 | D:6      | Found a hazy altar of Hepliaklqana.
  8715 | D:6      | Found a blossoming altar of Fedhas.
  8715 | D:6      | Found a stormy altar of Qazlal.
  8886 | D:6      | Found a snail-covered altar of Cheibriados.
  9335 | D:6      | Found a runed translucent door.
  9336 | D:6      | Noticed Crazy Yiuf
  9343 | D:6      | Killed Crazy Yiuf
  9343 | D:6      | Reached skill level 9 in Spellcasting
  9854 | D:7      | Reached skill level 10 in Spellcasting
 10066 | D:7      | Found an ornate altar of the Wu Jian Council.
 10306 | D:7      | Learned a level 4 spell: Iskenderun's Mystic Blast
 10670 | D:7      | Found a radiant altar of Vehumet.
 10688 | D:7      | Became a worshipper of Vehumet
 11123 | D:8      | Reached XP level 10. HP: 55/58 MP: 15/26
 11396 | D:8      | Found a glowing golden altar of the Shining One.
 11467 | D:8      | Reached * piety under Vehumet
 11467 | D:8      | Offered knowledge of Sandblast by Vehumet.
 11832 | D:8      | Reached skill level 11 in Spellcasting
 12307 | D:9      | Found a shattered altar of Ashenzari.
 12350 | D:9      | Noticed a two-headed ogre
 12376 | D:9      | Killed a two-headed ogre
 12376 | D:9      | Reached skill level 10 in Fire Magic
 12454 | D:9      | Found a bloodstained altar of Trog.
 12717 | D:9      | Found a staircase to the Lair.
 12865 | D:9      | Found an ancient bone altar of Kikubaaqudgha.
 12882 | D:9      | Reached ** piety under Vehumet
 12882 | D:9      | Offered knowledge of Shock by Vehumet.
 13254 | D:9      | Reached skill level 1 in Evocations
 13276 | D:9      | Reached skill level 12 in Spellcasting
 13501 | D:10     | Entered Level 10 of the Dungeon
 13501 | D:10     | Found a staircase to the Orcish Mines.
 13501 | D:10     | Noticed Maurice
 13501 | D:10     | Noticed a two-headed ogre
 13507 | D:9      | Killed Maurice
 13507 | D:9      | Reached skill level 1 in Short Blades
 13717 | D:10     | Noticed Joseph
 13722 | D:10     | Killed Joseph
 13902 | D:10     | Noticed Erolcha
 13925 | D:10     | Killed a two-headed ogre
 13925 | D:10     | Reached XP level 11. HP: 59/62 MP: 14/29
 13940 | D:10     | Reached skill level 5 in Fighting
 14075 | D:10     | Offered knowledge of Ignite Poison by Vehumet.
 14646 | D:10     | Noticed Erica
 14683 | D:10     | Killed Erica
 14736 | D:10     | Reached *** piety under Vehumet
 15151 | D:11     | Reached skill level 1 in Shields
 15384 | D:11     | Noticed a two-headed ogre
 15389 | D:11     | Killed a two-headed ogre
 15389 | D:11     | Reached skill level 5 in Evocations
 15697 | D:11     | Offered knowledge of Mephitic Cloud by Vehumet.
 15712 | D:11     | Noticed an unseen horror
 15719 | D:11     | Killed an unseen horror
 16224 | D:11     | Learned a level 7 spell: Orb of Destruction
 16459 | D:11     | Reached **** piety under Vehumet
 16475 | D:11     | Offered knowledge of Static Discharge by Vehumet.
 16714 | D:11     | Reached XP level 12. HP: 68/71 MP: 25/30
 16832 | D:11     | Learned a level 7 spell: Spellforged Servitor
 16896 | Lair:1   | Entered Level 1 of the Lair of Beasts
 17012 | Lair:1   | Reached skill level 1 in Summonings
 17405 | Lair:1   | Reached ***** piety under Vehumet
 17451 | Lair:1   | Noticed Grum
 17455 | Lair:1   | Killed Grum
 17455 | Lair:1   | Offered knowledge of Bolt of Draining by Vehumet.
 17468 | Lair:1   | Reached skill level 10 in Conjurations
 18016 | Lair:1   | Noticed Prince Ribbit
 18018 | Lair:1   | Killed Prince Ribbit
 18019 | Lair:1   | Reached skill level 13 in Spellcasting
 18296 | Lair:2   | Found a shimmering altar of Xom.
 18389 | Lair:2   | Found a frozen archway.
 18429 | IceCv    | Entered an ice cave
 18706 | IceCv    | Found an ancient bone altar of Kikubaaqudgha.
 19595 | Lair:2   | Found a staircase to the Shoals.
 19602 | Lair:2   | Reached XP level 13. HP: 78/78 MP: 30/32
 19879 | Lair:2   | Reached skill level 5 in Summonings
 20437 | Lair:3   | Found the +10 zealot's sword {holy, *Rage rN+ EV+3}
 21123 | Lair:3   | Found a hole to the Spider Nest.
 21737 | Lair:4   | Offered knowledge of Poison Arrow by Vehumet.
 21740 | Lair:4   | Noticed Snorg
 21886 | Lair:4   | Killed Snorg
 22803 | Lair:4   | Learned a level 6 spell: Freezing Cloud
 22816 | Lair:5   | Reached skill level 14 in Spellcasting
 23374 | Lair:5   | Got a transparent pewter ring
 23375 | Lair:5   | Identified the ring "Jixoaps" {+Fly Int+3} (You found it on
                  | level 5 of the Lair of Beasts)
 23819 | Lair:5   | Found a staircase to the Slime Pits.
 23819 | Lair:5   | Found a viscous altar of Jiyva.
 24335 | Lair:6   | Entered Level 6 of the Lair of Beasts
 24680 | Lair:6   | Reached skill level 1 in Ice Magic
 25032 | Lair:6   | Noticed a dire elephant
 25038 | Lair:6   | Killed a dire elephant
 25426 | Lair:6   | Reached skill level 5 in Ice Magic
 25498 | Lair:6   | Offered knowledge of Conjure Ball Lightning by Vehumet.
 25547 | Lair:6   | Reached XP level 14. HP: 68/84 MP: 8/34
 25552 | Lair:6   | Reached skill level 15 in Spellcasting
 25970 | Lair:6   | Got a twitching turquoise ring
 25971 | Lair:6   | Identified the ring of Wudyitew {Fire rPois rN+ Int-5
                  | Stlth+} (You found it on level 6 of the Lair of Beasts)
 26637 | D:10     | Killed Erolcha
 26826 | Lair:1   | Learned a level 6 spell: Iron Shot
 28352 | D:13     | Identified the cursed +1 robe of Hadjma {-Cast rC+ Dex+4}
 29214 | D:13     | Offered knowledge of Lightning Bolt by Vehumet.
 29973 | D:14     | Found a runed translucent gate.
 29974 | D:14     | Found a runed translucent gate.
 29976 | D:14     | Found a runed translucent gate.
 29987 | D:14     | Noticed kroki's ghost (journeyman GnFi)
 29993 | D:14     | Noticed Frances
 29999 | D:14     | Identified the +11 hunting sling of Ambiguity {velocity,
                  | +Inv Str+2 Int+2 Dex+2}
 29999 | D:14     | Identified the +5 ring mail of Starshine {Dex+4}
 30011 | D:14     | Killed Frances
 30409 | D:14     | Reached skill level 10 in Ice Magic
 30937 | D:14     | Killed kroki's ghost
 31554 | D:14     | Found a gate to the Vaults.
 31662 | D:15     | Entered Level 15 of the Dungeon
 31666 | D:15     | Reached XP level 15. HP: 91/91 MP: 36/36
 31968 | D:15     | Offered knowledge of Bolt of Cold by Vehumet.
 32734 | D:15     | Reached skill level 10 in Fighting
 32952 | D:15     | Found a staircase to the Depths.
 33194 | Lair:1   | Learned a level 6 spell: Bolt of Cold
 33236 | Orc:1    | Entered Level 1 of the Orcish Mines
 33375 | Orc:2    | Entered Level 2 of the Orcish Mines
 33410 | Orc:1    | Found a flagged portal.
 33423 | Bailey   | Entered a bailey
 33426 | Bailey   | Reached skill level 16 in Spellcasting
 34540 | Orc:2    | Offered knowledge of Ozocubu's Refrigeration by Vehumet.
 34616 | Orc:2    | Found a roughly hewn altar of Beogh.
 34630 | Orc:2    | Found Genoemn's Magic Scroll Boutique.
 34761 | Orc:2    | Found a roughly hewn altar of Beogh.
 35254 | Orc:2    | Found a roughly hewn altar of Beogh.
 35256 | Orc:2    | Found Juid's Antique Weapon Shop.
 35395 | Orc:2    | Found a staircase to the Elven Halls.
 35406 | Orc:2    | Noticed Saint Roka
 35421 | Orc:2    | Killed Saint Roka
 35544 | Orc:2    | Offered knowledge of Bolt of Fire by Vehumet.
 35760 | Orc:2    | Bought a scroll of identify for 28 gold pieces
 36022 | Orc:2    | Found a roughly hewn altar of Beogh.
 36275 | Orc:2    | Found Faugh's Antique Armour Shop.
 36276 | Orc:2    | Found a roughly hewn altar of Beogh.
 36280 | Orc:2    | Found Ipocrum's Antique Weapon Boutique.
 36604 | Lair:1   | Learned a level 6 spell: Bolt of Fire
 36687 | Spider:1 | Entered Level 1 of the Spider Nest
 36979 | Spider:1 | Reached skill level 10 in Dodging
 37238 | Spider:1 | Reached skill level 17 in Spellcasting
 37976 | Spider:1 | Killed a ghost moth
 37976 | Spider:1 | Reached XP level 16. HP: 97/97 MP: 19/39
 38432 | Spider:2 | Reached skill level 15 in Ice Magic
 39011 | Spider:2 | Reached skill level 18 in Spellcasting
 39560 | Spider:2 | Reached ****** piety under Vehumet
 39581 | Spider:2 | Offered knowledge of Lehudib's Crystal Spear by Vehumet.
 39581 | Spider:2 | Offered knowledge of Glaciate by Vehumet.
 39581 | Spider:2 | Offered knowledge of Tornado by Vehumet.
 40462 | D:4      | Bought the +10 falchion of Destruction {vamp, *Contam rF+
                  | MR+ SInv} for 1080 gold pieces
 40704 | Spider:3 | Noticed Mara
 41151 | Spider:3 | Killed Mara
 41292 | Spider:3 | Noticed Arachne
 41308 | Spider:3 | Killed Arachne
 41616 | Spider:3 | Reached skill level 19 in Spellcasting
 42408 | Spider:4 | Entered Level 4 of the Spider Nest
 43672 | Spider:4 | Reached XP level 17. HP: 70/102 MP: 13/42
 45894 | Spider:4 | Got a gossamer rune of Zot
 46173 | Lair:1   | Learned a level 9 spell: Glaciate
 46231 | Shoals:1 | Entered Level 1 of the Shoals
 46236 | Shoals:1 | Reached skill level 20 in Spellcasting
 46243 | Shoals:1 | Noticed Roxanne
 46348 | Shoals:1 | Killed Roxanne
 47023 | Shoals:1 | Reached skill level 1 in Long Blades
 48721 | Shoals:3 | Noticed a kraken
 48728 | Shoals:3 | Killed a kraken
 49453 | Shoals:3 | Found Paixosir's Food Emporium.
 49620 | Shoals:3 | Upgraded the game from 0.24-a0-446-g87df7205b4 to
                  | 0.24-a0-447-ge8da9206dc
 49621 | Shoals:4 | Entered Level 4 of the Shoals
 49928 | Shoals:4 | Reached XP level 18. HP: 100/107 MP: 27/44
 50025 | Shoals:4 | Reached skill level 15 in Conjurations
 50679 | Shoals:4 | Identified the +4 dagger of Bymaw {elec, rF+ rN+ Str+4
                  | Int-5}
 50947 | Shoals:4 | Got a fine scimitar
 50948 | Shoals:4 | Identified the +10 scimitar "Adghed" {flame, +Fly rElec}
                  | (You found it on level 4 of the Shoals)
 50960 | Shoals:4 | Reached skill level 21 in Spellcasting
 51126 | Shoals:4 | Got a barnacled rune of Zot
 51518 | Vaults:1 | Entered Level 1 of the Vaults
 52190 | Vaults:1 | Got a steaming chain mail
 52191 | Vaults:1 | Identified the +2 chain mail of the Oligarchy {rN+ rCorr}
                  | (You found it on level 1 of the Vaults)
 52776 | Vaults:1 | Identified the Almanac of Blistering Moulding
 53848 | Vaults:1 | Reached skill level 22 in Spellcasting
 54149 | Vaults:1 | Found a large runed translucent door.
 54149 | Vaults:1 | Found a large runed translucent door.
 54149 | Vaults:1 | Found a large runed translucent door.
 54149 | Vaults:1 | Found a large runed translucent door.
 54149 | Vaults:1 | Found a large runed translucent door.
 54149 | Vaults:1 | Found a large runed translucent door.
 54149 | Vaults:1 | Found a large runed translucent door.
 54149 | Vaults:1 | Found a large runed translucent door.
 54149 | Vaults:1 | Noticed Vuacseac's ghost (adept DDFi)
 55139 | Vaults:2 | Reached XP level 19. HP: 113/113 MP: 33/47
 57161 | Vaults:3 | Noticed Nikola
 57359 | Vaults:3 | Killed Nikola
 58081 | Vaults:3 | Noticed Xtahua
 58089 | Vaults:3 | Killed Xtahua
 58840 | Vaults:3 | Found a staircase to the Crypt.
 59260 | Vaults:3 | Noticed Frederick
 59269 | Vaults:3 | Killed Frederick
 59863 | Vaults:3 | Reached XP level 20. HP: 123/123 MP: 48/48
 61083 | Vaults:4 | Noticed Bai Suzhen
 61092 | Vaults:4 | Killed Bai Suzhen
 61440 | Vaults:4 | Reached skill level 15 in Dodging
 61579 | Vaults:4 | Found Honeiw's General Store.
 61835 | Vaults:4 | Found a large runed translucent door.
 61835 | Vaults:4 | Found a large runed translucent door.
 61836 | Vaults:4 | Found a large runed translucent door.
 61836 | Vaults:4 | Found a large runed translucent door.
 61836 | Vaults:4 | Noticed Zaor's ghost (adept GnSk)
 61837 | Vaults:4 | Found a large runed translucent door.
 61837 | Vaults:4 | Found a large runed translucent door.
 61838 | Vaults:4 | Found a large runed translucent door.
 61838 | Vaults:4 | Found a large runed translucent door.
 62504 | Elf:1    | Entered Level 1 of the Elven Halls
 62519 | Elf:1    | Noticed Louise
 62528 | Elf:1    | Killed Louise
 62540 | Elf:1    | Reached skill level 23 in Spellcasting
 62572 | Elf:1    | Got a heavy robe
 62583 | Elf:1    | Identified the cursed +1 robe "Wiaxas" {rF- Int+3 Dex+3}
                  | (You found it on level 1 of the Elven Halls)
 63303 | Elf:1    | Identified the Compendium of Combat Magic
 63439 | Elf:1    | Found a transporter.
 63444 | Elf:1    | Found a transporter.
 63444 | Elf:1    | Noticed Quz's ghost (journeyman MiBe)
 63709 | Elf:1    | Killed Quz's ghost
 63923 | Elf:2    | Identified the Volume of Dhcmrlchtdj
 63940 | Elf:2    | Identified the Catalogue of Plaster Cramp
 64083 | Elf:1    | Learned a level 5 spell: Borgnjor's Vile Clutch
 64132 | Elf:2    | Reached skill level 1 in Necromancy
 64276 | Elf:2    | Reached skill level 1 in Earth Magic
 64879 | Elf:2    | Identified Sif Muna's Grimoire of Sand
 65018 | Elf:2    | Found a huge runed translucent gate.
 65018 | Elf:2    | Found a huge runed translucent gate.
 65018 | Elf:2    | Found a huge runed translucent gate.
 65019 | Elf:2    | Found a huge runed translucent gate.
 65021 | Elf:2    | Found a huge runed translucent gate.
 65071 | Elf:2    | Reached XP level 21. HP: 95/132 MP: 24/50
 65165 | Elf:2    | Reached skill level 5 in Necromancy
 65982 | Elf:3    | Entered Level 3 of the Elven Halls
 66046 | Elf:3    | Found Ceybrup's Antique Weapon Shop.
 66081 | Elf:3    | Reached skill level 5 in Earth Magic
 66642 | Elf:3    | Found a large runed translucent door.
 66643 | Elf:3    | Found a large runed translucent door.
 66644 | Elf:3    | Noticed iamserjio's ghost (adept OpWn)
 66648 | Elf:3    | Found the +6 Majin-Bo {vamp, Archmagi MP+6 Int+6}
 66652 | Elf:3    | Killed iamserjio's ghost
 67236 | Elf:3    | Found the +3 sling "Punk" {acid, rCorr}
 67239 | Elf:3    | Identified the Almanac of Attacks
 67248 | Elf:3    | Identified the Collected Works on Snow
 67295 | Elf:3    | Identified the Grimoire of Mutagenic Displacement
 67306 | Elf:3    | Got a twitching pewter ring
 67308 | Elf:3    | Identified the ring of Compassion {rC+ AC+3 Dex+2} (You
                  | found it on level 3 of the Elven Halls)
 67353 | Elf:3    | Got a scorched lead amulet
 67355 | Elf:3    | Identified the amulet "Timnifej" {Gourm MR+++ Str-4 Int-2
                  | Dex+6} (You found it on level 3 of the Elven Halls)
 67687 | Depths:1 | Entered Level 1 of the Depths
 67702 | Depths:1 | Found a one-way gate to the infinite horrors of the Abyss.
 67785 | Depths:1 | Reached skill level 10 in Necromancy
 67941 | Depths:1 | Found a magical portal.
 67950 | WizLab   | Entered Zonguldrok's Shrine
 68597 | WizLab   | Noticed an antique lich
 68603 | WizLab   | Killed an antique lich
 68679 | Depths:1 | Found Zomahat's Food Shoppe.
 68751 | Depths:1 | Found a gateway to Hell.
 69602 | Depths:2 | Reached XP level 22. HP: 138/138 MP: 37/51
 69930 | Depths:2 | Reached skill level 24 in Spellcasting
 70044 | Depths:2 | Noticed a caustic shrike
 70057 | Depths:2 | Noticed a caustic shrike
 70058 | Depths:2 | Noticed a caustic shrike
 70061 | Depths:2 | Killed a caustic shrike
 70061 | Depths:2 | Reached skill level 15 in Fighting
 70061 | Depths:2 | Killed a caustic shrike
 70066 | Depths:2 | Noticed a caustic shrike
 70066 | Depths:2 | Killed a caustic shrike
 70076 | Depths:2 | Killed a caustic shrike
 70365 | Depths:2 | Noticed a caustic shrike
 70373 | Depths:2 | Noticed a caustic shrike
 70374 | Depths:2 | Noticed a caustic shrike
 70376 | Depths:2 | Noticed a caustic shrike
 70376 | Depths:2 | Noticed a caustic shrike
 70379 | Depths:2 | Killed a caustic shrike
 70379 | Depths:2 | Reached skill level 25 in Spellcasting
 70379 | Depths:2 | Killed a caustic shrike
 70380 | Depths:2 | Killed a caustic shrike
 70380 | Depths:2 | Killed a caustic shrike
 70381 | Depths:2 | Killed a caustic shrike
 70507 | Depths:2 | Noticed a golden dragon
 70512 | Depths:2 | Killed a golden dragon
 70699 | Depths:2 | Reached skill level 26 in Spellcasting
 71462 | Depths:2 | Noticed a golden dragon
 71468 | Depths:2 | Killed a golden dragon
 71481 | Depths:2 | Identified A Thorough Guide to Spellcasting
 71496 | Depths:2 | Learned a level 8 spell: Ignition
 71932 | Depths:3 | Reached XP level 23. HP: 144/144 MP: 34/55
 72292 | Depths:3 | Found Gozag's Antique Armour Emporium.
 72300 | Depths:3 | Found an opulent altar of Gozag.
 72305 | Depths:3 | Found Gozag's Antique Weapon Shoppe.
 72314 | Depths:3 | Found Gozag's Antique Armour Shoppe.
 72466 | Depths:3 | Reached skill level 27 in Spellcasting
 73092 | Depths:3 | Found Sowados's Book Boutique.
 73296 | Depths:3 | Identified Mead's Catalogue of Flamy Orientation
 73333 | Depths:3 | Found a one-way gate leading to the halls of Pandemonium.
 73637 | Depths:2 | Noticed a caustic shrike
 73645 | Depths:2 | Killed a caustic shrike
 74861 | Depths:4 | Found a gateway to a ziggurat.
 76486 | Depths:5 | Entered Level 5 of the Depths
 77063 | Depths:5 | Found Vazyfoes's Gadget Shop.
 77065 | Depths:5 | Found Xaed's Antique Armour Boutique.
 77065 | Depths:5 | Found Zooles's Antique Armour Shop.
 77070 | Depths:5 | Found Soppoyt's Food Boutique.
 77084 | Depths:5 | Bought a polished cloak for 323 gold pieces
 77094 | Depths:5 | Identified the cursed +0 cloak of the Fiddle {-Cast rF-
                  | rC+++ Int+9} (You bought it in a shop on level 5 of the
                  | Depths)
 78285 | Depths:5 | Found a gate to the Realm of Zot.
 78346 | Depths:5 | Learned a level 8 spell: Controlled Blink
 78664 | Vaults:5 | Entered Level 5 of the Vaults
 78665 | Vaults:5 | Reached XP level 24. HP: 150/150 MP: 56/56
 79632 | Vaults:5 | Identified the Papyrus of Cloudy Toxins
 79791 | Vaults:5 | Got a silver rune of Zot
 80358 | Vaults:5 | Identified the +1 scale mail "Boinemamm" {rPois MR+ Regen+}
 80726 | Vaults:5 | Identified the +4 short sword of the People {elec, *Rage
                  | MR++ Dex+3}
 80731 | Vaults:5 | Reached XP level 25. HP: 156/156 MP: 44/56
 81059 | Vaults:5 | Identified the +8 rapier "Ypoil" {pierce, -Tele rElec rPois
                  | Int+3}
 81399 | Vaults:5 | Identified the cursed +1 great mace of Foneowke {crush, rF-
                  | Int+6}
 81796 | Slime:1  | Entered Level 1 of the Pits of Slime
 81925 | Slime:2  | Gained mutation: You are clumsy. (Dex -2) [a shining eye]
 83246 | Slime:5  | Entered Level 5 of the Pits of Slime
 83259 | Slime:5  | Lost mutation: You are clumsy. (Dex -2) [a shining eye]
 83446 | Slime:5  | Noticed the Royal Jelly
 84119 | Slime:5  | Killed the Royal Jelly
 84382 | Slime:5  | Got a slimy rune of Zot
 84405 | Slime:5  | Got a slimy steel ring
 84406 | Slime:5  | Identified the ring of Xom's Wantonness {*Slow rElec rF+
                  | Int+3} (You found it on level 5 of the Pits of Slime)
 85124 | Crypt:1  | Entered Level 1 of the Crypt
 85169 | Crypt:1  | Reached skill level 5 in Shields
 85857 | Crypt:1  | Noticed Boris
 85871 | Crypt:1  | Killed Boris
 86630 | Crypt:1  | Reached XP level 26. HP: 143/168 MP: 27/56
 87517 | Crypt:1  | Upgraded the game from 0.24-a0-447-ge8da9206dc to
                  | 0.24-a0-451-g263dff2034
 88621 | Crypt:2  | Noticed Boris
 88634 | Crypt:2  | Killed Boris
 88766 | Crypt:2  | Reached skill level 10 in Shields
 89362 | Crypt:3  | Entered Level 3 of the Crypt
 90263 | Crypt:3  | Noticed an ancient lich
 90272 | Crypt:3  | Killed an ancient lich
 90621 | Crypt:3  | Found the +4 dagger "Morg" {pain, MR+ Int+5}
 90939 | Crypt:3  | Found a basalt altar of Yredelemnul.
 90944 | Crypt:3  | Found a staircase to the Tomb.
 90961 | Crypt:3  | Got a pair of ichor-stained gloves
 90962 | Crypt:3  | Identified the cursed +0 pair of gloves of the Desolation
                  | of Salt {rPois Str+2} (You found it on level 3 of the
                  | Crypt)
 91698 | Depths:1 | Voluntarily entered the Abyss.
 91810 | Abyss:2  | Found a corrupted altar of Lugonu.
 92635 | Depths:1 | Escaped the Abyss
 92774 | Depths:1 | Voluntarily entered the Abyss.
 93019 | Abyss:1  | Reached skill level 1 in Translocations
 94486 | Abyss:3  | Reached XP level 27. HP: 173/173 MP: 33/56
 94759 | Abyss:3  | Reached skill level 5 in Translocations
 95022 | Abyss:3  | Gained mutation: Armour fits poorly on your strangely
                  | shaped body. [a neqoxec]
 95573 | Abyss:4  | Paralysed by you for 2 turns
 95594 | Abyss:5  | Entered Level 5 of the Abyss
 95594 | Abyss:5  | Entered Level 5 of the Abyss
 95645 | Abyss:5  | Found a corrupted altar of Lugonu.
 95782 | Depths:1 | Escaped the Abyss
 96545 | Depths:1 | Voluntarily entered the Abyss.
 96552 | Abyss:1  | Reached skill level 15 in Shields
 96571 | Depths:1 | Escaped the Abyss
 96690 | Depths:1 | Voluntarily entered the Abyss.
 96796 | Abyss:1  | Reached skill level 10 in Translocations
 97123 | Abyss:1  | Found a corrupted altar of Lugonu.
 97955 | Abyss:3  | Got an abyssal rune of Zot
 97980 | Abyss:3  | Gained mutation: You are weak. (Str -2) [a cacodemon]
 98006 | Depths:1 | Escaped the Abyss
 98243 | Lair:1   | Lost mutation: Armour fits poorly on your strangely shaped
                  | body. [potion of mutation]
 98243 | Lair:1   | Lost mutation: You are weak. (Str -2) [potion of mutation]
 98243 | Lair:1   | Gained mutation: Your spells are a little easier to cast,
                  | but a little less powerful. [potion of mutation]
 98243 | Lair:1   | Gained mutation: You are robust. (+10% HP) [potion of
                  | mutation]
 98243 | Lair:1   | Gained mutation: You occasionally shout uncontrollably at
                  | your foes. [potion of mutation]
 98243 | Lair:1   | Gained mutation: You have supernaturally acute eyesight.
                  | (SInv) [potion of mutation]
 98244 | Lair:1   | Lost mutation: You occasionally shout uncontrollably at
                  | your foes. [potion of mutation]
 98244 | Lair:1   | Lost mutation: You have supernaturally acute eyesight.
                  | (SInv) [potion of mutation]
 98244 | Lair:1   | Lost mutation: Your spells are a little easier to cast, but
                  | a little less powerful. [potion of mutation]
 98244 | Lair:1   | Lost mutation: You are robust. (+10% HP) [potion of
                  | mutation]
 98244 | Lair:1   | Gained mutation: Your flesh is heat resistant. (rF+)
                  | [potion of mutation]
 98244 | Lair:1   | Gained mutation: You are resistant to hostile enchantments.
                  | (MR+) [potion of mutation]
 98244 | Lair:1   | Gained mutation: Your spells are a little harder to cast,
                  | but a little more powerful. [potion of mutation]
 98665 | Elf:3    | Got a spiked troll leather armour
 98666 | Elf:3    | Identified the +4 troll leather armour "Suciwugu" {Regen+
                  | Int+6} (You found it on level 3 of the Elven Halls)
 99083 | Pan      | Entered Pandemonium
 99766 | Pan      | Noticed Afiecsoe the pandemonium lord
100335 | Pan      | Killed Afiecsoe the pandemonium lord
101206 | Pan      | Identified the +1 robe "Giar" {rC++ MR+++ Str-2 Dex-2} (You
                  | found it in Pandemonium)
101213 | Pan      | Found a runed translucent door.
102098 | Pan      | Killed from afar by a Brimstone Fiend

Levels and vault maps discovered:
D:1:      minmay_arrival_stone_box, layout_basic, minmay_misc_feat_pillars
D:2:      layout_basic, lemuel_crystal_altar, dancing_weapons_uskayaw,
          st_stairs_5, minmay_pentomino_w2
D:3:      layout_basic, lemuel_round_altar, grunt_dithmenos_smoke,
          biasface_ghost_orc_armoury, first_ration, uniq_grinder, uniq_robin,
          uniq_ijyb
D:4:      layout_rooms, lemuel_round_altar, minmay_temple_entry_grid,
          serial_shops, nicolae_shop_trees, nrook_campfire,
          sigmund_edmund_badplayer, uniq_menkaure, uniq_natasha,
          uniq_blork_the_orc
D:5:      layout_loops_ring, minmay_starry_boxes, uniq_eustachio
D:6:      layout_loops_ring, gammafunk_temple_overflow_claw, basic_altar,
          portal_sewer_entry_f, chequers_serial_rivers_large_a, uniq_edmund,
          uniq_crazy_yiuf_cottage
D:7:      layout_cave_pods, lemuel_round_altar, kennysheep_mini_moat
D:8:      layout_cave_pools, tso_metal_star
D:9:      layout_small_grid, lemuel_round_altar, kennysheep_little_box,
          lair_entry_dummy, hangedman_little_slice_of_home, minivault_24,
          trog_hazing_becter
D:10:     layout_roguey, david_orc_3, uniq_joseph, uniq_maurice, uniq_erolcha,
          uniq_erica
D:11:     lemuel_reptile_caves, layout_basic
D:12:     layout_irregular_city, skrybe_limestone_x, corexii_hall_statues_t
D:13:     cheibrodos_tormentor_scu, layout_basic
D:14:     layout_rooms, david_vaults_4, maelrawn_ghost_gauntlet_escape,
          kennysheep_generic_room_6, uniq_frances
D:15:     grunt_enter_depths_snipers, layout_small_grid
Temple:   jpeg_temple_island
Lair:1:   layout_cave_pods, st_stairs_3, beast_lair_carwin_7,
          uniq_prince_ribbit2, uniq_grum
Lair:2:   layout_cave_pods, elwin_shoals_entry_rooms, basic_altar,
          portal_ice_cave_demonic_guard, infiniplex_staircase_pool
Lair:3:   layout_cave_pods, spider_nest_entry_a
Lair:4:   layout_layer_cave, uniq_snorg
Lair:5:   layout_cave_pods, slime_altar_1, beast_lair_carwin_4,
          wad_woods_river_01
Lair:6:   gammafunk_lair_ancient_temple, layout_layer_cave
Shoals:1: layout_shoals, uniq_roxanne
Shoals:2: layout_shoals
Shoals:3: layout_shoals, serial_shops, shop
Shoals:4: shoals_end_grunt_garden, layout_shoals
Spider:1: layout_spider_delve
Spider:2: layout_chambers
Spider:3: layout_spider_delve, uniq_arachne, uniq_mara
Spider:4: spider_rune_water, spiders_nest_ghost_moth_duel
Slime:1:  layout_caves, nicolae_slime_barrier
Slime:2:  layout_caves, cheibrodos_slime_lost_civilization_7
Slime:3:  layout_caves
Slime:4:  layout_caves
Slime:5
Orc:1:    layout_caves, enter_bailey_1
Orc:2:    grunt_orc_community_town_hall, layout_caves,
          grunt_orc_community_big_house_1, grunt_orc_community_big_house_1,
          grunt_orc_community_house_2, grunt_orc_community_house_1,
          grunt_orc_community_house_1, grunt_orc_community_house_1,
          grunt_orc_community_house_3
Elf:1:    layout_rooms, gammafunk_ghost_arena, minmay_elf_annihilation,
          evilmike_ambush [evilmike_ambush_outer_pillars,
          evilmike_ambush_inner_basic], uniq_louise
Elf:2:    layout_geoelf_diagonals, bh_hangedman_babel_library
Elf:3:    minmay_elf_hall_quartered_circle, layout_onion_city,
          ebering_ghost_disaster_area, serial_shops, shop
Vaults:1: advil_vaults_ghost_lines, v_misc_17, vaults_room_hallway,
          vaults_dpeg_cross, v_misc_4, nicolae_vaults_what_the_h,
          grunt_vaults_diagonal, layout_vaults_quadrants
Vaults:2: ontoclasm_vaults_decontamination, v_misc_31,
          nicolae_vaults_network_barrier, v_misc_22, v_pattern_1,
          hangedman_vaults_stream, grunt_vaults_trifunnel, st_lattice,
          vaults_room_grunt_arrival_ludios, vaults_room_pool,
          layout_vaults_chaotic_city
Vaults:3: v_rooms_4, blue_anna_dwarven_crypt, v_alt_pattern_3,
          dpeg_vaults_monster_row, vaults_room_large_hall, st_diamondy,
          nicolae_vaults_little_squares_4, nicolae_vaults_shelves_hall,
          nicolae_vaults_little_squares_3, hangedman_vaults_restitches,
          nicolae_vaults_asterisk, ontoclasm_vaults_chip,
          nicolae_vaults_border_crossing, hangedman_vaults_maws,
          ontoclasm_vaults_claustrophobia, layout_vaults_maze_snakey,
          uniq_frederick, uniq_nikola, uniq_xtahua
Vaults:4: advil_vaults_ghost_lines, st_lines, nicolae_vaults_rhombus_5,
          v_misc_33, nicolae_vaults_rhombus_5, v_alt_pattern_3, v_misc_17,
          vaults_room_fours, nicolae_vaults_inception_statues,
          layout_vaults_omnibox, serial_shops, shop, uniq_bai_suzhen
Vaults:5: serial_shops
Crypt:1:  hangedman_screamer, layout_regular_city, grunt_crypt_arrival_split
Crypt:2:  layout_gridlike
Crypt:3:  cryptofortress_bobbens
Depths:1: layout_cave_pools, infiniplex_enter_wizlab_water,
          abyss_entry_small_statue_room, serial_shops, nicolae_shop_trees,
          hell_entry, chequers_serial_rivers_room_a, kennysheep_inner_square
Depths:2: grunt_runaround [grunt_runaround_doors_1, grunt_runaround_doors_2,
          grunt_runaround_doors_3, grunt_runaround_doors_4,
          grunt_runaround_loot], serial_shops, hell_entry
Depths:3: kennysheep_gozag_temple, layout_gridlike, serial_sigils,
          serial_sigils_hangedman_clutch, serial_sigils_hangedman_scar,
          serial_sigils_hangedman_shear, serial_sigils_hangedman_gut,
          serial_sigils_hangedman_scratch, serial_shops, shop,
          rand_demon_pan_entry_4, hangedman_coc_ice_floe,
          infiniplex_staircase_9_rooms
Depths:4: hangedman_arrow_trap, layout_cave_shapes, enter_ziggurat_c,
          grunt_hell_entry_dis_grunt, abyss_entry
Depths:5: grunt_zot_entry_gee_three, layout_long_grid, hell_entry,
          ebering_dispersal_statue_hall, minmay_shoptagon
Pan:      evilmike_mini_pan_pillars, layout_irregular_city,
          nicolae_pan_cerebovesque_2

Skill      XL: |  1  2  3  4  5  6  7  8  9 10 11 12 13 14 15 16 17 18 19 20 21 22 23 24 25 26 27 |
---------------+----------------------------------------------------------------------------------+-----
Conjurations   | 2 3 4 5 6 8 9 11 13 14 16 18 20 | 20.0
Spellcasting   | 4 6 7 10 12 13 14 15 17 19 20 22 23 26 27 | 27.0
Fire Magic     | 4 5 7 9 10 14 | 14.0
Fighting       | 1 4 6 7 8 9 10 12 14 15 17 18 | 18.0
Dodging        | 3 5 6 7 10 11 14 16 19 20 | 20.0
Evocations     | 3 5 |  5.1
Short Blades   | 2 3 |  3.2
Shields        | 4 7 13 15 | 15.0
Summonings     | 4 8 |  8.0
Ice Magic      | 5 10 14 18 19 20 21 | 21.0
Long Blades    | 4 |  4.5
Necromancy     | 4 10 | 10.0
Earth Magic    | 2 8 |  8.0
Translocations | 4 14 | 14.9
Stealth        | |  2.4

Action                   |  1- 3 |  4- 6 |  7- 9 | 10-12 | 13-15 | 16-18 | 19-21 | 22-24 | 25-27 || total
-------------------------+-------+-------+-------+-------+-------+-------+-------+-------+-------++-------
Melee: Dagger            |     3 |    19 |   290 |   177 |    48 |       |       |       |       ||   537
       Staff             |       |       |       |       |    34 |       |       |       |       ||    34
       Falchion          |       |       |       |       |       |   137 |   109 |    34 |   361 ||   641
Throw: Dart              |       |       |    34 |     4 |       |       |       |       |       ||    38
 Cast: Flame Tongue      |    41 |    72 |   171 |   306 |    77 |       |       |       |       ||   667
       Throw Flame       |    34 |    23 |    42 |    63 |    51 |       |       |       |       ||   213
       Conjure Flame     |     1 |     4 |     6 |     8 |     4 |       |       |       |       ||    23
       Sticky Flame      |       |     2 |    26 |    72 |    49 |     9 |     3 |     4 |     1 ||   166
       Fireball          |       |       |    17 |    87 |    29 |    50 |     5 |     5 |    10 ||   203
       Iskenderun's Myst |       |       |     3 |    16 |       |       |       |       |       ||    19
       Orb of Destructio |       |       |       |     8 |    70 |    43 |    36 |    68 |    68 ||   293
       Freezing Cloud    |       |       |       |       |    87 |    52 |    33 |    39 |    30 ||   241
       Spellforged Servi |       |       |       |       |    42 |    36 |    29 |    17 |    30 ||   154
       Iron Shot         |       |       |       |       |   169 |   100 |   164 |   131 |   371 ||   935
       Bolt of Cold      |       |       |       |       |    64 |       |       |       |       ||    64
       Bolt of Fire      |       |       |       |       |    19 |   273 |   231 |   145 |   373 ||  1041
       Glaciate          |       |       |       |       |       |     2 |    30 |    26 |    88 ||   146
       Borgnjor's Vile C |       |       |       |       |       |       |     3 |    51 |     9 ||    63
       Ignition          |       |       |       |       |       |       |       |    20 |     6 ||    26
Evoke: Wand              |       |     6 |     2 |     3 |     2 |    12 |     7 |     6 |    25 ||    63
       Lightning rod     |       |       |       |     1 |       |       |     1 |     1 |     1 ||     4
       Lamp of fire      |       |       |       |       |       |     1 |     1 |       |       ||     2
  Use: Potion            |     1 |       |       |     1 |     1 |     7 |     2 |     5 |    10 ||    27
       Scroll            |       |     1 |     5 |    13 |    23 |    13 |    11 |     5 |    22 ||    93
 Stab: Paralysed         |       |     6 |     3 |       |       |     9 |       |       |       ||    18
       Distracted        |       |       |       |       |       |       |     4 |     1 |     4 ||     9
       Invisible         |       |       |       |       |       |       |       |       |     1 ||     1
  Eat: Chunk             |     5 |     6 |    19 |    20 |   101 |    53 |    35 |    32 |     3 ||   274
       Ration            |       |     1 |     2 |     5 |    11 |    10 |     6 |     2 |    21 ||    58
Armor: Robe              |     3 |    19 |   108 |    74 |    74 |    63 |    30 |    17 |    74 ||   462
       Troll leather arm |       |       |       |       |       |       |       |       |    12 ||    12
Dodge: Dodged            |    19 |    21 |   207 |   233 |   177 |   222 |   151 |   123 |   592 ||  1745
       Deflected         |       |     2 |     4 |     5 |    20 |    37 |    23 |       |       ||    91
Block: Buckler           |       |       |       |    21 |    77 |   169 |   111 |    79 |   424 ||   881
       Reflection        |       |       |       |       |       |    37 |    39 |    26 |    13 ||   115
       Shield            |       |       |       |       |       |       |       |       |   230 ||   230
       Rpst.: Falchion   |       |       |       |       |       |    34 |    23 |     9 |   116 ||   182

Table legend:
 A = Non-vault XP
 B = Vault XP
 C = Vault XP percentage of total XP
 D = Non-vault monster count
 E = Vault monster count
 F = Vault count percentage of total count
                 A         B        C        D         E       F
            +---------+---------+-------+---------+---------+-------
      Total |  913110 |  814594 |  47.1 |    1990 |    1087 |  35.3
            +---------+---------+-------+---------+---------+-------
        D:1 |      28 |       0 |   0.0 |      16 |       0 |   0.0
        D:2 |     104 |       5 |   4.6 |      22 |       3 |  12.0
        D:3 |      99 |     361 |  78.5 |      25 |      15 |  37.5
        D:4 |     452 |     700 |  60.8 |      19 |       5 |  20.8
        D:5 |     989 |     223 |  18.4 |      22 |       3 |  12.0
        D:6 |     691 |      55 |   7.4 |      15 |       7 |  31.8
        D:7 |    1454 |       0 |   0.0 |      28 |       0 |   0.0
        D:8 |    1621 |       0 |   0.0 |      47 |       0 |   0.0
        D:9 |    1972 |     658 |  25.0 |      17 |      15 |  46.9
       D:10 |    2264 |    2620 |  53.6 |      26 |      10 |  27.8
       D:11 |    5874 |    2775 |  32.1 |      30 |      35 |  53.8
       D:12 |    3386 |       0 |   0.0 |      39 |       0 |   0.0
       D:13 |    4451 |    3509 |  44.1 |      32 |       6 |  15.8
       D:14 |   11121 |    7411 |  40.0 |      42 |      15 |  26.3
       D:15 |   10575 |    2148 |  16.9 |      32 |       3 |   8.6
     Lair:1 |    4828 |    3105 |  39.1 |      21 |      15 |  41.7
     Lair:2 |    1188 |    1088 |  47.8 |      10 |       3 |  23.1
     Lair:3 |    3697 |     619 |  14.3 |      19 |       2 |   9.5
     Lair:4 |    1608 |     899 |  35.9 |       8 |       1 |  11.1
     Lair:5 |    4631 |    1882 |  28.9 |      15 |      11 |  42.3
     Lair:6 |   10968 |    8529 |  43.7 |      30 |      25 |  45.5
   Shoals:1 |   10231 |    1553 |  13.2 |      23 |       1 |   4.2
   Shoals:2 |   25861 |       0 |   0.0 |      57 |       0 |   0.0
   Shoals:3 |   13717 |       0 |   0.0 |      28 |       0 |   0.0
   Shoals:4 |    7678 |   17212 |  69.2 |      20 |      27 |  57.4
   Spider:1 |   22211 |       0 |   0.0 |      67 |       0 |   0.0
   Spider:2 |   17486 |       0 |   0.0 |      46 |       0 |   0.0
   Spider:3 |   16684 |    9320 |  35.8 |      38 |       2 |   5.0
   Spider:4 |   10314 |   24383 |  70.3 |      24 |      47 |  66.2
    Slime:1 |    2046 |       0 |   0.0 |       1 |       0 |   0.0
    Slime:2 |   14585 |     568 |   3.7 |      20 |       2 |   9.1
    Slime:3 |    8288 |       0 |   0.0 |      10 |       0 |   0.0
    Slime:4 |   19950 |       0 |   0.0 |      41 |       0 |   0.0
    Slime:5 |   26680 |   32411 |  54.8 |      37 |      14 |  27.5
      Orc:1 |    1167 |       0 |   0.0 |      25 |       0 |   0.0
      Orc:2 |    6476 |    8740 |  57.4 |      55 |      68 |  55.3
      Elf:1 |   15520 |   24336 |  61.1 |      28 |      37 |  56.9
      Elf:2 |   10633 |   23435 |  68.8 |      18 |      30 |  62.5
      Elf:3 |    7453 |   47143 |  86.3 |      11 |      32 |  74.4
   Vaults:1 |   42327 |    8913 |  17.4 |      91 |      14 |  13.3
   Vaults:2 |   17860 |   23470 |  56.8 |      42 |      35 |  45.5
   Vaults:3 |   25063 |   52787 |  67.8 |      41 |      56 |  57.7
   Vaults:4 |   32395 |   12579 |  28.0 |      48 |      12 |  20.0
   Vaults:5 |   56284 |  126458 |  69.2 |      91 |      87 |  48.9
    Crypt:1 |   35230 |   27423 |  43.8 |      53 |      31 |  36.9
    Crypt:2 |   40042 |       0 |   0.0 |      43 |       0 |   0.0
    Crypt:3 |       0 |   57745 | 100.0 |       0 |      82 | 100.0
   Depths:1 |   26626 |    4457 |  14.3 |      31 |       4 |  11.4
   Depths:2 |       0 |  137781 | 100.0 |       0 |      94 | 100.0
   Depths:3 |   31536 |   14416 |  31.4 |      48 |      17 |  26.2
   Depths:4 |   35134 |   21625 |  38.1 |      42 |      13 |  23.6
   Depths:5 |   21859 |   26211 |  54.5 |      19 |      17 |  47.2
    Abyss:1 |   58347 |    6659 |  10.2 |      52 |       3 |   5.5
    Abyss:2 |   31047 |       0 |   0.0 |      53 |       0 |   0.0
    Abyss:3 |   62213 |   21700 |  25.9 |     118 |      32 |  21.3
    Abyss:4 |   19331 |       0 |   0.0 |      28 |       0 |   0.0
    Abyss:5 |    6953 |     199 |   2.8 |      18 |       1 |   5.3
        Pan |   51294 |   34000 |  39.9 |      79 |      35 |  30.7
      Sewer |       0 |      61 | 100.0 |       0 |      23 | 100.0
     Bailey |       0 |    1965 | 100.0 |       0 |      38 | 100.0
      IceCv |       0 |    6478 | 100.0 |       0 |      54 | 100.0
     WizLab |   10588 |    3979 |  27.3 |      29 |       5 |  14.7
            +---------+---------+-------+---------+---------+-------
